[ AOE2 MATCH · #483663792 ]
UnrankedPersians vs Khmer
[ REPLAY ANALYSIS · EXTRACTED FROM THE RECORDED GAME ]
Feudal
11:10
Castle
23:10
Imperial
38:37
| APM avg | 50.5 |
| APM peak | 87 |
| eAPM avg | 23.2 |
| Villagers / military | 129 / 325 |
Focus
⚔️ 28.0% · 🌾 72.0%
Knight ×307 · Camel Scout ×10 · Scout Cavalry ×5 · Monk ×3
Feudal
13:02
Castle
28:05
Imperial
45:47
| APM avg | 40.0 |
| APM peak | 75 |
| eAPM avg | 22.6 |
| Villagers / military | 173 / 119 |
Focus
⚔️ 33.2% · 🌾 66.8%
Kipchak ×92 · Militia ×11 · Mangonel ×8 · Camel Scout ×4 · Trebuchet (Packed) ×3 · Knight ×1
Feudal
12:01
Castle
21:32
Imperial
45:57
| APM avg | 46.1 |
| APM peak | 97 |
| eAPM avg | 29.8 |
| Villagers / military | 188 / 132 |
Focus
⚔️ 51.6% · 🌾 48.4%
Knight ×103 · Skirmisher ×12 · Mangonel ×6 · Scout Cavalry ×5 · Monk ×3 · Scorpion ×2
Feudal
11:47
Castle
26:13
Imperial
45:28
| APM avg | 51.6 |
| APM peak | 109 |
| eAPM avg | 20.4 |
| Villagers / military | 167 / 208 |
Focus
⚔️ 46.7% · 🌾 53.3%
Scout Cavalry ×66 · Knight ×59 · Cavalry Archer ×51 · Konnik ×32
Feudal
12:28
Castle
32:33
Imperial
46:42
| APM avg | 23.3 |
| APM peak | 57 |
| eAPM avg | 17.4 |
| Villagers / military | 186 / 160 |
Focus
⚔️ 35.3% · 🌾 64.7%
Spearman ×110 · Ballista Elephant ×41 · Trebuchet (Packed) ×9
Feudal
13:12
Castle
23:09
Imperial
43:47
| APM avg | 37.1 |
| APM peak | 78 |
| eAPM avg | 18.9 |
| Villagers / military | 195 / 131 |
Focus
⚔️ 36.3% · 🌾 63.7%
Cavalry Archer ×80 · Spearman ×23 · Skirmisher ×14 · Scout Cavalry ×4 · Knight ×3 · Trebuchet (Packed) ×3
Feudal
13:06
Castle
17:01
Imperial
43:52
| APM avg | 27.7 |
| APM peak | 61 |
| eAPM avg | 14.9 |
| Villagers / military | 167 / 178 |
Focus
⚔️ 26.9% · 🌾 73.1%
Spearman ×80 · Knight ×55 · Archer ×36 · Trebuchet (Packed) ×4 · Monk ×2 · Mangonel ×1
Feudal
13:30
Castle
19:16
Imperial
—
| APM avg | 24.5 |
| APM peak | 76 |
| eAPM avg | 12.8 |
| Villagers / military | 93 / 54 |
Focus
⚔️ 38.1% · 🌾 61.9%
Elephant Archer ×34 · Monk ×6 · Urumi Swordsman ×5 · Armored Elephant ×4 · Mangonel ×3 · Archer ×2
Match map
Initial resources + every placement click. Lines = walls · curves = elevation contours. ◆ gold · ⬟ stone · ● berries · ✦ relic · ◌ wall gap
Your base· Open — unwalled flank
捣~ ~ ~蛋's base· Open — unwalled flank
菜就多练's base· Open — 14t gap
明月清风's base· Open — unwalled flank
小生怕怕's base· Open — 9t gap
左's base· Open — unwalled flank
闲看's base· Open — unwalled flank
帝国大烟枪5's base· Open — 3t gap
Smoothed initial terrain · ◌ = detected wall gap · hover for details
Inputs per minute
— 喜足天 - - 捣~ ~ ~蛋
Build order — 喜足天
First 150 of 419 actions detected
| 0:23 | Build | Town Center |
| 2:22 | Create | Villager (Male) |
| 2:22 | Create | Villager (Male) |
| 2:22 | Create | Villager (Male) |
| 2:23 | Create | Villager (Male) |
| 2:24 | Build | House |
| 2:26 | Create | Villager (Male) |
| 2:26 | Create | Villager (Male) |
| 3:14 | Build | Lumber Camp |
| 3:20 | Build | House |
| 3:34 | Create | Villager (Male) |
| 3:53 | Build | House |
| 4:40 | Create | Villager (Male) |
| 4:40 | Create | Villager (Male) |
| 5:06 | Create | Villager (Male) |
| 5:28 | Create | Villager (Male) |
| 5:52 | Create | Villager (Male) |
| 5:53 | Create | Villager (Male) |
| 5:56 | Create | Villager (Male) |
| 5:56 | Create | Villager (Male) |
| 6:12 | Build | Mill |
| 6:39 | Create | Villager (Male) |
| 6:49 | Create | Villager (Male) |
| 7:24 | Create | Villager (Male) |
| 7:24 | Create | Villager (Male) |
| 7:24 | Create | Villager (Male) |
| 8:23 | Create | Villager (Male) |
| 9:05 | Research | Feudal Age |
| 9:07 | Research | Loom |
| 9:21 | Build | House |
| 9:35 | Build | Barracks |
| 9:39 | Build | Palisade Wall |
| 10:43 | Build | Palisade Gate |
| 11:10 | Age | Feudal Age |
| 11:12 | Build | Stable |
| 11:17 | Research | Double-Bit Axe |
| 11:17 | Create | Villager (Male) |
| 11:37 | Research | Horse Collar |
| 11:54 | Build | House |
| 11:57 | Create | Scout Cavalry |
| 11:57 | Create | Scout Cavalry |
| 11:57 | Create | Villager (Male) |
| 12:10 | Build | House |
| 12:14 | Create | Villager (Male) |
| 12:14 | Create | Villager (Male) |
| 12:25 | Create | Scout Cavalry |
| 12:48 | Create | Villager (Male) |
| 13:25 | Create | Villager (Male) |
| 13:34 | Create | Villager (Male) |
| 13:39 | Create | Villager (Male) |
| 13:39 | Create | Villager (Male) |
| 14:02 | Build | Blacksmith |
| 14:25 | Create | Scout Cavalry |
| 14:29 | Build | Market |
| 14:54 | Create | Scout Cavalry |
| 14:54 | Create | Villager (Male) |
| 14:55 | Create | Villager (Male) |
| 14:55 | Create | Villager (Male) |
| 14:58 | Build | Farm |
| 15:08 | Create | Villager (Male) |
| 15:17 | Build | Farm |
| 15:39 | Research | Scale Barding Armor |
| 15:55 | Build | House |
| 16:09 | Research | Wheelbarrow |
| 16:13 | Build | House |
| 16:13 | Build | House |
| 16:20 | Build | Mill |
| 16:47 | Research | Forging |
| 16:48 | Create | Villager (Male) |
| 16:59 | Build | Mining Camp |
| 17:44 | Create | Villager (Male) |
| 17:56 | Build | Palisade Gate |
| 17:59 | Create | Villager (Male) |
| 17:59 | Create | Villager (Male) |
| 18:02 | Build | Farm |
| 18:03 | Build | Farm |
| 18:14 | Build | Farm |
| 18:16 | Build | Farm |
| 18:19 | Build | Farm |
| 18:26 | Build | Farm |
| 18:26 | Create | Villager (Male) |
| 19:01 | Research | Bloodlines |
| 19:01 | Research | Bloodlines |
| 19:05 | Build | Farm |
| 19:52 | Create | Villager (Male) |
| 20:02 | Research | Gold Mining |
| 20:22 | Create | Villager (Male) |
| 20:44 | Research | Castle Age |
| 21:32 | Build | Stable |
| 21:34 | Build | Stable |
| 21:38 | Build | House |
| 21:39 | Build | House |
| 21:40 | Build | House |
| 21:41 | Build | House |
| 22:36 | Build | Lumber Camp |
| 23:10 | Age | Castle Age |
| 23:13 | Research | Chain Barding Armor |
| 23:14 | Research | Husbandry |
| 23:17 | Research | Bow Saw |
| 23:18 | Research | Heavy Plow |
| 23:20 | Research | Hand Cart |
| 23:23 | Create | Knight |
| 23:23 | Create | Knight |
| 23:23 | Create | Knight |
| 23:24 | Create | Knight |
| 23:29 | Build | Town Center |
| 23:48 | Research | Bow Saw |
| 24:19 | Create | Villager (Male) |
| 24:22 | Create | Villager (Male) |
| 24:30 | Build | Town Center |
| 24:58 | Create | Villager (Male) |
| 24:59 | Create | Villager (Male) |
| 25:25 | Build | Farm |
| 25:26 | Build | Farm |
| 25:28 | Create | Villager (Male) |
| 25:31 | Create | Villager (Male) |
| 25:32 | Create | Villager (Male) |
| 25:35 | Create | Knight |
| 25:35 | Create | Knight |
| 25:36 | Research | Gold Shaft Mining |
| 25:38 | Create | Villager (Male) |
| 25:43 | Build | Mining Camp |
| 25:49 | Create | Villager (Male) |
| 25:55 | Create | Knight |
| 26:33 | Create | Knight |
| 26:33 | Create | Knight |
| 26:35 | Create | Villager (Male) |
| 26:35 | Create | Villager (Male) |
| 26:38 | Build | Farm |
| 26:39 | Build | Farm |
| 26:42 | Create | Villager (Male) |
| 26:42 | Create | Villager (Male) |
| 26:46 | Build | Farm |
| 26:48 | Build | Farm |
| 27:04 | Create | Knight |
| 27:04 | Create | Knight |
| 27:05 | Create | Villager (Male) |
| 27:08 | Build | Farm |
| 27:11 | Build | Farm |
| 27:12 | Build | Farm |
| 27:16 | Build | Farm |
| 27:17 | Create | Villager (Male) |
| 27:23 | Build | Farm |
| 27:29 | Build | Farm |
| 27:39 | Create | Knight |
| 27:39 | Create | Knight |
| 27:39 | Create | Knight |
| 28:14 | Create | Knight |
| 28:14 | Create | Knight |
| 28:15 | Create | Knight |
Build order — 捣~ ~ ~蛋
First 150 of 459 actions detected
| 0:34 | Build | Town Center |
| 2:18 | Build | House |
| 2:56 | Create | Villager (Male) |
| 2:57 | Create | Villager (Male) |
| 2:57 | Create | Villager (Male) |
| 2:57 | Create | Villager (Male) |
| 3:10 | Build | House |
| 3:24 | Build | House |
| 4:06 | Create | Villager (Male) |
| 4:06 | Create | Villager (Male) |
| 4:29 | Create | Villager (Male) |
| 4:34 | Build | House |
| 5:17 | Create | Villager (Male) |
| 5:17 | Create | Villager (Male) |
| 5:28 | Build | Lumber Camp |
| 5:32 | Build | House |
| 5:37 | Create | Villager (Male) |
| 5:43 | Build | House |
| 6:00 | Build | House |
| 6:21 | Create | Villager (Male) |
| 6:22 | Create | Villager (Male) |
| 6:33 | Build | House |
| 7:02 | Build | House |
| 7:29 | Create | Villager (Male) |
| 7:29 | Create | Villager (Male) |
| 7:36 | Build | House |
| 7:38 | Build | Palisade Gate |
| 7:40 | Build | Palisade Wall |
| 7:41 | Build | Palisade Wall |
| 7:43 | Create | Villager (Male) |
| 7:51 | Create | Villager (Male) |
| 7:51 | Create | Villager (Male) |
| 7:52 | Create | Villager (Male) |
| 8:14 | Build | Palisade Wall |
| 8:15 | Build | Palisade Wall |
| 8:20 | Create | Villager (Male) |
| 8:55 | Create | Villager (Male) |
| 8:55 | Create | Villager (Male) |
| 8:56 | Create | Villager (Male) |
| 8:56 | Create | Villager (Male) |
| 9:31 | Build | Mill |
| 10:12 | Research | Loom |
| 10:31 | Research | Feudal Age |
| 11:03 | Build | House |
| 11:11 | Create | Villager (Male) |
| 11:11 | Create | Villager (Male) |
| 11:18 | Build | House |
| 12:04 | Build | House |
| 12:15 | Create | Villager (Male) |
| 12:15 | Create | Villager (Male) |
| 12:19 | Build | House |
| 12:36 | Build | House |
| 13:02 | Age | Feudal Age |
| 13:05 | Build | Watch Tower |
| 13:14 | Build | Barracks |
| 13:39 | Build | Mining Camp |
| 13:59 | Build | Palisade Wall |
| 14:16 | Research | Man-at-Arms (upgrade) |
| 14:17 | Create | Militia |
| 14:22 | Create | Villager (Male) |
| 14:22 | Create | Villager (Male) |
| 14:59 | Create | Militia |
| 14:59 | Create | Militia |
| 15:10 | Build | House |
| 15:11 | Build | House |
| 15:21 | Create | Militia |
| 15:47 | Create | Villager (Male) |
| 15:47 | Create | Villager (Male) |
| 15:47 | Create | Villager (Male) |
| 16:26 | Build | Watch Tower |
| 16:30 | Create | Militia |
| 16:31 | Create | Militia |
| 16:46 | Create | Villager (Male) |
| 16:47 | Create | Villager (Male) |
| 16:47 | Create | Villager (Male) |
| 17:22 | Build | House |
| 17:29 | Build | Palisade Wall |
| 17:41 | Build | Palisade Wall |
| 17:44 | Build | Palisade Wall |
| 17:45 | Build | Palisade Wall |
| 17:46 | Build | Palisade Wall |
| 17:59 | Create | Villager (Male) |
| 17:59 | Create | Villager (Male) |
| 18:11 | Create | Villager (Male) |
| 18:11 | Create | Villager (Male) |
| 18:12 | Create | Villager (Male) |
| 18:32 | Create | Villager (Male) |
| 18:32 | Create | Villager (Male) |
| 18:32 | Create | Villager (Male) |
| 18:32 | Create | Villager (Male) |
| 18:53 | Build | House |
| 18:55 | Build | House |
| 19:14 | Create | Villager (Male) |
| 19:14 | Create | Villager (Male) |
| 19:15 | Create | Villager (Male) |
| 19:58 | Research | Double-Bit Axe |
| 20:01 | Create | Villager (Male) |
| 20:02 | Create | Villager (Male) |
| 20:35 | Build | Blacksmith |
| 20:56 | Create | Militia |
| 20:56 | Create | Militia |
| 20:56 | Create | Militia |
| 20:57 | Create | Militia |
| 20:57 | Create | Militia |
| 21:41 | Research | Fletching |
| 21:41 | Research | Fletching |
| 22:00 | Build | House |
| 22:01 | Build | House |
| 22:25 | Build | Mill |
| 23:52 | Build | Palisade Wall |
| 23:55 | Build | Palisade Wall |
| 23:58 | Build | Palisade Wall |
| 24:02 | Build | Palisade Wall |
| 24:33 | Build | House |
| 24:37 | Build | House |
| 24:42 | Build | Palisade Gate |
| 24:55 | Build | Stable |
| 25:12 | Build | Town Center |
| 25:25 | Research | Castle Age |
| 25:44 | Research | Wheelbarrow |
| 25:48 | Create | Villager (Male) |
| 25:54 | Build | Watch Tower |
| 27:37 | Create | Villager (Male) |
| 27:37 | Create | Villager (Male) |
| 27:38 | Create | Villager (Male) |
| 27:38 | Create | Villager (Male) |
| 27:41 | Create | Villager (Male) |
| 28:05 | Age | Castle Age |
| 28:07 | Create | Villager (Male) |
| 28:07 | Create | Villager (Male) |
| 28:07 | Create | Villager (Male) |
| 28:08 | Create | Villager (Male) |
| 28:08 | Create | Villager (Male) |
| 28:47 | Build | Town Center |
| 29:23 | Build | House |
| 29:25 | Build | House |
| 29:28 | Build | House |
| 29:29 | Build | House |
| 29:34 | Build | House |
| 29:36 | Build | House |
| 29:39 | Create | Villager (Male) |
| 29:39 | Create | Villager (Male) |
| 29:39 | Create | Villager (Male) |
| 29:49 | Build | Town Center |
| 30:08 | Research | Bow Saw |
| 31:07 | Build | House |
| 31:20 | Build | Town Center |
| 31:27 | Create | Villager (Male) |
| 31:27 | Create | Villager (Male) |
| 31:27 | Create | Villager (Male) |
Build order — 菜就多练
First 150 of 574 actions detected
| 0:38 | Build | Town Center |
| 2:02 | Build | House |
| 3:11 | Create | Villager (Male) |
| 3:11 | Create | Villager (Male) |
| 3:12 | Create | Villager (Male) |
| 3:12 | Create | Villager (Male) |
| 3:12 | Create | Villager (Male) |
| 3:58 | Build | House |
| 4:08 | Build | House |
| 4:26 | Create | Villager (Male) |
| 4:26 | Create | Villager (Male) |
| 4:36 | Build | House |
| 4:57 | Create | Villager (Male) |
| 5:19 | Build | House |
| 5:32 | Create | Villager (Male) |
| 5:32 | Create | Villager (Male) |
| 5:32 | Create | Villager (Male) |
| 6:06 | Build | Lumber Camp |
| 6:12 | Create | Villager (Male) |
| 6:12 | Create | Villager (Male) |
| 6:12 | Create | Villager (Male) |
| 7:00 | Build | House |
| 7:07 | Create | Villager (Male) |
| 7:08 | Create | Villager (Male) |
| 7:08 | Create | Villager (Male) |
| 7:08 | Create | Villager (Male) |
| 7:33 | Create | Villager (Male) |
| 8:30 | Create | Villager (Male) |
| 8:35 | Build | Mill |
| 8:54 | Research | Loom |
| 9:42 | Research | Feudal Age |
| 9:44 | Build | House |
| 10:06 | Build | House |
| 10:41 | Build | House |
| 10:49 | Build | Barracks |
| 10:59 | Build | House |
| 11:12 | Build | Palisade Wall |
| 11:38 | Build | Palisade Wall |
| 11:59 | Create | Villager (Male) |
| 11:59 | Create | Villager (Male) |
| 11:59 | Create | Villager (Male) |
| 12:00 | Create | Villager (Male) |
| 12:00 | Create | Villager (Male) |
| 12:01 | Age | Feudal Age |
| 12:10 | Build | Stable |
| 12:16 | Build | House |
| 12:33 | Research | Double-Bit Axe |
| 12:33 | Research | Double-Bit Axe |
| 12:36 | Research | Town Watch |
| 12:41 | Build | House |
| 12:55 | Create | Scout Cavalry |
| 13:00 | Create | Villager (Male) |
| 13:01 | Create | Scout Cavalry |
| 13:02 | Create | Villager (Male) |
| 13:06 | Build | House |
| 13:14 | Create | Villager (Male) |
| 13:19 | Build | House |
| 13:38 | Build | Mining Camp |
| 13:42 | Create | Scout Cavalry |
| 13:42 | Create | Villager (Male) |
| 14:08 | Create | Villager (Male) |
| 14:23 | Build | Mill |
| 14:59 | Research | Wheelbarrow |
| 15:26 | Create | Scout Cavalry |
| 15:27 | Create | Scout Cavalry |
| 16:03 | Research | Horse Collar |
| 16:04 | Create | Villager (Male) |
| 16:21 | Create | Villager (Male) |
| 16:30 | Build | House |
| 16:35 | Create | Villager (Male) |
| 17:24 | Create | Villager (Male) |
| 17:26 | Build | Market |
| 17:38 | Create | Villager (Male) |
| 18:25 | Create | Villager (Male) |
| 18:52 | Research | Castle Age |
| 18:52 | Research | Castle Age |
| 19:26 | Build | Blacksmith |
| 19:39 | Build | Palisade Wall |
| 19:40 | Build | Palisade Wall |
| 19:42 | Build | Palisade Wall |
| 19:43 | Build | Palisade Wall |
| 20:06 | Build | Blacksmith |
| 20:09 | Build | House |
| 20:11 | Build | Palisade Wall |
| 20:39 | Build | House |
| 20:58 | Research | Scale Barding Armor |
| 20:58 | Research | Scale Barding Armor |
| 21:32 | Age | Castle Age |
| 21:34 | Create | Knight |
| 21:34 | Create | Knight |
| 21:35 | Create | Villager (Male) |
| 21:36 | Create | Villager (Male) |
| 21:36 | Create | Villager (Male) |
| 21:42 | Build | Town Center |
| 21:43 | Build | House |
| 21:46 | Build | Palisade Wall |
| 21:47 | Build | Palisade Wall |
| 21:55 | Create | Knight |
| 22:28 | Create | Villager (Male) |
| 22:28 | Create | Villager (Male) |
| 22:39 | Create | Villager (Male) |
| 22:39 | Create | Villager (Male) |
| 22:44 | Build | Archery Range |
| 23:06 | Create | Villager (Male) |
| 23:06 | Create | Villager (Male) |
| 23:07 | Create | Villager (Male) |
| 23:24 | Create | Villager (Male) |
| 23:24 | Create | Villager (Male) |
| 23:39 | Research | Elite Skirmisher (upgrade) |
| 23:39 | Research | Elite Skirmisher (upgrade) |
| 23:46 | Create | Villager (Male) |
| 23:47 | Create | Villager (Male) |
| 23:47 | Create | Villager (Male) |
| 23:47 | Create | Villager (Male) |
| 24:13 | Create | Skirmisher |
| 24:31 | Build | Siege Workshop |
| 24:55 | Build | Town Center |
| 25:03 | Create | Skirmisher |
| 25:09 | Create | Mangonel |
| 25:38 | Create | Skirmisher |
| 25:40 | Research | Fletching |
| 25:41 | Research | Fletching |
| 26:05 | Create | Skirmisher |
| 26:23 | Create | Villager (Male) |
| 26:25 | Create | Villager (Male) |
| 27:20 | Create | Mangonel |
| 27:29 | Build | House |
| 27:41 | Build | Town Center |
| 28:09 | Create | Scorpion |
| 28:13 | Build | Farm |
| 28:14 | Build | Farm |
| 28:16 | Build | Archery Range |
| 28:17 | Create | Mangonel |
| 28:42 | Build | Farm |
| 29:17 | Build | Farm |
| 29:17 | Build | Farm |
| 29:20 | Create | Skirmisher |
| 30:01 | Create | Villager (Male) |
| 30:02 | Create | Villager (Male) |
| 30:23 | Create | Skirmisher |
| 30:45 | Create | Villager (Male) |
| 30:55 | Build | Farm |
| 30:55 | Build | Farm |
| 30:55 | Build | Farm |
| 30:56 | Build | Farm |
| 30:56 | Build | Farm |
| 31:09 | Create | Villager (Male) |
| 31:23 | Build | Farm |
| 31:31 | Create | Mangonel |
| 31:41 | Create | Villager (Male) |
Build order — 明月清风
First 150 of 509 actions detected
| 0:21 | Build | Town Center |
| 2:51 | Create | Villager (Male) |
| 2:52 | Create | Villager (Male) |
| 2:52 | Create | Villager (Male) |
| 2:52 | Create | Villager (Male) |
| 2:59 | Build | House |
| 3:52 | Create | Villager (Male) |
| 4:06 | Build | House |
| 4:25 | Build | House |
| 4:30 | Create | Villager (Male) |
| 4:46 | Build | House |
| 4:48 | Create | Villager (Male) |
| 5:00 | Build | House |
| 5:03 | Build | Palisade Wall |
| 5:08 | Build | Lumber Camp |
| 5:11 | Create | Villager (Male) |
| 5:35 | Create | Villager (Male) |
| 5:48 | Create | Villager (Male) |
| 6:21 | Create | Villager (Male) |
| 6:22 | Create | Villager (Male) |
| 6:25 | Build | House |
| 6:47 | Create | Villager (Male) |
| 7:34 | Create | Villager (Male) |
| 8:03 | Create | Villager (Male) |
| 8:03 | Create | Villager (Male) |
| 8:03 | Create | Villager (Male) |
| 8:03 | Create | Villager (Male) |
| 8:20 | Create | Villager (Male) |
| 8:39 | Build | House |
| 8:42 | Create | Villager (Male) |
| 8:42 | Create | Villager (Male) |
| 8:49 | Build | Mill |
| 9:26 | Build | Palisade Wall |
| 9:37 | Research | Feudal Age |
| 9:39 | Research | Loom |
| 10:30 | Build | Barracks |
| 10:35 | Build | Palisade Wall |
| 10:37 | Build | Palisade Wall |
| 11:47 | Age | Feudal Age |
| 11:53 | Build | Stable |
| 12:05 | Create | Villager (Male) |
| 12:06 | Create | Villager (Male) |
| 12:17 | Build | Blacksmith |
| 12:34 | Build | House |
| 12:37 | Create | Scout Cavalry |
| 12:58 | Create | Scout Cavalry |
| 12:59 | Create | Villager (Male) |
| 13:01 | Research | Forging |
| 13:13 | Build | House |
| 13:16 | Build | Palisade Wall |
| 13:25 | Build | Palisade Wall |
| 13:27 | Build | Palisade Wall |
| 13:37 | Create | Scout Cavalry |
| 13:38 | Create | Villager (Male) |
| 13:42 | Build | House |
| 13:51 | Create | Scout Cavalry |
| 13:52 | Create | Villager (Male) |
| 13:56 | Research | Double-Bit Axe |
| 13:56 | Research | Double-Bit Axe |
| 13:57 | Research | Scale Barding Armor |
| 14:11 | Create | Scout Cavalry |
| 14:17 | Research | Horse Collar |
| 14:38 | Create | Villager (Male) |
| 14:57 | Create | Villager (Male) |
| 14:59 | Build | Farm |
| 15:02 | Build | Farm |
| 15:05 | Build | Farm |
| 15:19 | Create | Scout Cavalry |
| 15:23 | Create | Villager (Male) |
| 15:26 | Build | Farm |
| 15:55 | Create | Villager (Male) |
| 16:03 | Build | Mining Camp |
| 16:09 | Create | Scout Cavalry |
| 16:09 | Create | Villager (Male) |
| 16:13 | Create | Villager (Male) |
| 16:19 | Build | Farm |
| 16:20 | Create | Villager (Male) |
| 16:21 | Create | Villager (Male) |
| 16:59 | Create | Scout Cavalry |
| 17:01 | Create | Villager (Male) |
| 17:04 | Build | Stable |
| 17:12 | Create | Scout Cavalry |
| 17:13 | Create | Villager (Male) |
| 17:20 | Build | Farm |
| 17:42 | Create | Scout Cavalry |
| 17:43 | Create | Villager (Male) |
| 18:07 | Create | Scout Cavalry |
| 18:10 | Create | Villager (Male) |
| 18:13 | Build | House |
| 18:14 | Build | House |
| 18:15 | Build | House |
| 18:21 | Create | Villager (Male) |
| 18:26 | Build | Mill |
| 18:43 | Create | Scout Cavalry |
| 18:43 | Create | Scout Cavalry |
| 18:48 | Build | Farm |
| 19:08 | Create | Villager (Male) |
| 19:18 | Research | Bloodlines |
| 19:21 | Build | Farm |
| 19:30 | Build | Palisade Gate |
| 19:33 | Build | Farm |
| 19:36 | Build | House |
| 19:45 | Create | Scout Cavalry |
| 20:18 | Create | Scout Cavalry |
| 20:19 | Create | Villager (Male) |
| 20:21 | Create | Scout Cavalry |
| 20:37 | Build | Farm |
| 20:38 | Build | Farm |
| 20:39 | Build | Farm |
| 20:45 | Create | Villager (Male) |
| 21:09 | Build | Farm |
| 21:10 | Create | Villager (Male) |
| 21:30 | Create | Villager (Male) |
| 21:36 | Build | Farm |
| 21:47 | Create | Villager (Male) |
| 22:13 | Build | Lumber Camp |
| 22:59 | Build | Palisade Wall |
| 23:08 | Build | Palisade Wall |
| 23:11 | Build | Palisade Wall |
| 23:16 | Build | Palisade Wall |
| 23:18 | Build | Palisade Wall |
| 23:22 | Build | Palisade Wall |
| 23:33 | Research | Castle Age |
| 23:47 | Create | Villager (Male) |
| 23:48 | Build | Archery Range |
| 23:54 | Build | Archery Range |
| 25:20 | Build | Palisade Wall |
| 25:37 | Create | Villager (Male) |
| 25:37 | Create | Villager (Male) |
| 25:40 | Build | Lumber Camp |
| 26:13 | Age | Castle Age |
| 26:15 | Build | Archery Range |
| 26:28 | Create | Villager (Male) |
| 26:35 | Build | Town Center |
| 27:10 | Create | Cavalry Archer |
| 27:10 | Create | Cavalry Archer |
| 27:10 | Create | Cavalry Archer |
| 27:11 | Create | Villager (Male) |
| 27:11 | Create | Villager (Male) |
| 27:15 | Create | Cavalry Archer |
| 27:17 | Research | Husbandry |
| 27:17 | Research | Husbandry |
| 27:17 | Create | Villager (Male) |
| 27:19 | Research | Bow Saw |
| 27:20 | Research | Fletching |
| 27:20 | Research | Fletching |
| 27:22 | Research | Padded Archer Armor |
| 27:26 | Create | Villager (Male) |
| 27:50 | Build | Town Center |
| 27:54 | Build | Farm |
Build order — 小生怕怕
First 150 of 575 actions detected
| 0:12 | Build | House |
| 0:42 | Build | Town Center |
| 1:15 | Build | House |
| 3:22 | Create | Villager (Male) |
| 3:22 | Create | Villager (Male) |
| 3:23 | Create | Villager (Male) |
| 3:23 | Create | Villager (Male) |
| 3:23 | Create | Villager (Male) |
| 5:11 | Build | House |
| 5:19 | Build | House |
| 5:24 | Create | Villager (Male) |
| 5:24 | Create | Villager (Male) |
| 5:53 | Build | House |
| 6:07 | Create | Villager (Male) |
| 6:10 | Create | Villager (Male) |
| 6:10 | Create | Villager (Male) |
| 6:28 | Create | Villager (Male) |
| 6:50 | Build | House |
| 7:04 | Create | Villager (Male) |
| 7:09 | Build | House |
| 7:25 | Create | Villager (Male) |
| 7:50 | Create | Villager (Male) |
| 7:51 | Create | Villager (Male) |
| 8:06 | Create | Villager (Male) |
| 8:19 | Build | Lumber Camp |
| 8:26 | Create | Villager (Male) |
| 8:54 | Create | Villager (Male) |
| 9:13 | Create | Villager (Male) |
| 9:28 | Research | Loom |
| 10:18 | Research | Feudal Age |
| 10:18 | Research | Feudal Age |
| 10:34 | Build | House |
| 10:36 | Build | Palisade Wall |
| 11:29 | Build | Palisade Wall |
| 11:30 | Build | Palisade Wall |
| 11:31 | Build | Palisade Wall |
| 11:33 | Build | Palisade Wall |
| 11:35 | Build | Palisade Wall |
| 11:36 | Build | Palisade Wall |
| 11:37 | Build | Palisade Wall |
| 12:13 | Create | Villager (Male) |
| 12:14 | Create | Villager (Male) |
| 12:26 | Create | Villager (Male) |
| 12:28 | Age | Feudal Age |
| 12:50 | Build | Watch Tower |
| 13:04 | Build | Blacksmith |
| 13:16 | Build | Watch Tower |
| 13:18 | Create | Villager (Male) |
| 14:00 | Build | Watch Tower |
| 14:01 | Create | Villager (Male) |
| 14:21 | Build | House |
| 14:30 | Create | Villager (Male) |
| 14:30 | Create | Villager (Male) |
| 14:53 | Build | Watch Tower |
| 16:23 | Build | Watch Tower |
| 16:25 | Create | Villager (Male) |
| 17:16 | Create | Villager (Male) |
| 17:16 | Create | Villager (Male) |
| 17:16 | Create | Villager (Male) |
| 17:34 | Build | Farm |
| 17:35 | Build | Farm |
| 18:11 | Create | Villager (Male) |
| 18:20 | Build | Farm |
| 18:21 | Build | Farm |
| 18:22 | Build | Farm |
| 18:24 | Build | Farm |
| 18:45 | Build | House |
| 18:47 | Build | Palisade Wall |
| 19:06 | Build | House |
| 19:12 | Build | Watch Tower |
| 19:22 | Build | Palisade Wall |
| 19:30 | Create | Villager (Male) |
| 19:43 | Research | Fletching |
| 19:45 | Research | Town Watch |
| 19:45 | Create | Villager (Male) |
| 19:46 | Create | Villager (Male) |
| 19:46 | Create | Villager (Male) |
| 20:17 | Create | Villager (Male) |
| 20:17 | Create | Villager (Male) |
| 20:43 | Create | Villager (Male) |
| 21:17 | Create | Villager (Male) |
| 21:17 | Create | Villager (Male) |
| 21:17 | Create | Villager (Male) |
| 21:36 | Create | Villager (Male) |
| 21:36 | Create | Villager (Male) |
| 21:46 | Create | Villager (Male) |
| 21:56 | Create | Villager (Male) |
| 22:12 | Build | Farm |
| 22:21 | Create | Villager (Male) |
| 22:25 | Build | Farm |
| 22:37 | Build | Farm |
| 22:37 | Create | Villager (Male) |
| 22:51 | Build | Watch Tower |
| 23:07 | Build | Farm |
| 23:09 | Build | Palisade Wall |
| 23:10 | Build | Palisade Wall |
| 23:12 | Build | Palisade Wall |
| 23:13 | Build | Palisade Wall |
| 23:15 | Build | Palisade Wall |
| 23:17 | Build | Palisade Wall |
| 23:28 | Create | Villager (Male) |
| 23:28 | Create | Villager (Male) |
| 24:04 | Build | Palisade Wall |
| 24:13 | Build | Watch Tower |
| 24:20 | Create | Villager (Male) |
| 24:40 | Create | Villager (Male) |
| 25:12 | Build | Watch Tower |
| 25:15 | Create | Villager (Male) |
| 25:16 | Create | Villager (Male) |
| 25:24 | Build | Mining Camp |
| 25:31 | Create | Villager (Male) |
| 25:32 | Create | Villager (Male) |
| 25:32 | Create | Villager (Male) |
| 26:22 | Create | Villager (Male) |
| 26:23 | Build | Mining Camp |
| 26:30 | Build | Mill |
| 26:39 | Create | Villager (Male) |
| 27:17 | Build | Mining Camp |
| 27:30 | Create | Villager (Male) |
| 27:31 | Create | Villager (Male) |
| 27:39 | Create | Villager (Male) |
| 27:44 | Build | Farm |
| 27:48 | Research | Horse Collar |
| 27:49 | Research | Horse Collar |
| 27:52 | Research | Double-Bit Axe |
| 27:54 | Create | Villager (Male) |
| 27:55 | Create | Villager (Male) |
| 28:21 | Build | House |
| 28:45 | Build | House |
| 29:35 | Build | Mining Camp |
| 29:36 | Create | Villager (Male) |
| 29:37 | Create | Villager (Male) |
| 29:39 | Build | Farm |
| 29:40 | Build | Farm |
| 29:53 | Research | Castle Age |
| 29:54 | Research | Castle Age |
| 30:41 | Research | Gold Mining |
| 30:44 | Research | Scale Barding Armor |
| 30:44 | Research | Scale Barding Armor |
| 32:04 | Build | Farm |
| 32:33 | Age | Castle Age |
| 32:41 | Build | Lumber Camp |
| 32:44 | Create | Villager (Male) |
| 32:49 | Build | Town Center |
| 33:01 | Build | Farm |
| 33:03 | Create | Villager (Male) |
| 33:03 | Create | Villager (Male) |
| 33:03 | Create | Villager (Male) |
| 33:04 | Create | Villager (Male) |
| 33:04 | Create | Villager (Male) |
Build order — 左
First 150 of 543 actions detected
| 0:05 | Build | Town Center |
| 2:19 | Build | House |
| 2:35 | Build | House |
| 2:49 | Build | House |
| 3:00 | Build | House |
| 3:11 | Build | House |
| 3:15 | Build | House |
| 3:20 | Create | Villager (Male) |
| 3:20 | Create | Villager (Male) |
| 3:20 | Create | Villager (Male) |
| 3:20 | Create | Villager (Male) |
| 3:21 | Create | Villager (Male) |
| 3:45 | Build | House |
| 3:59 | Create | Villager (Male) |
| 4:33 | Create | Villager (Male) |
| 5:03 | Create | Villager (Male) |
| 5:03 | Create | Villager (Male) |
| 5:11 | Build | House |
| 5:22 | Create | Villager (Male) |
| 5:22 | Create | Villager (Male) |
| 5:45 | Create | Villager (Male) |
| 5:45 | Create | Villager (Male) |
| 6:10 | Create | Villager (Male) |
| 6:13 | Build | House |
| 6:34 | Build | House |
| 6:42 | Create | Villager (Male) |
| 6:42 | Create | Villager (Male) |
| 6:46 | Build | Lumber Camp |
| 7:23 | Build | House |
| 8:25 | Create | Villager (Male) |
| 8:25 | Create | Villager (Male) |
| 8:25 | Create | Villager (Male) |
| 8:28 | Create | Villager (Male) |
| 8:28 | Create | Villager (Male) |
| 8:28 | Create | Villager (Male) |
| 8:54 | Build | Mill |
| 9:11 | Create | Villager (Male) |
| 9:11 | Create | Villager (Male) |
| 9:11 | Create | Villager (Male) |
| 9:25 | Create | Villager (Male) |
| 9:25 | Create | Villager (Male) |
| 9:34 | Build | House |
| 10:15 | Research | Loom |
| 10:15 | Research | Loom |
| 10:23 | Build | House |
| 10:53 | Build | Palisade Wall |
| 10:57 | Build | Palisade Wall |
| 11:02 | Research | Feudal Age |
| 11:02 | Research | Feudal Age |
| 11:42 | Build | Barracks |
| 11:52 | Build | House |
| 12:05 | Build | Palisade Wall |
| 12:11 | Build | Palisade Wall |
| 12:14 | Build | Palisade Gate |
| 13:12 | Age | Feudal Age |
| 13:17 | Create | Villager (Male) |
| 13:17 | Create | Villager (Male) |
| 13:27 | Create | Villager (Male) |
| 13:45 | Build | Stable |
| 13:50 | Create | Villager (Male) |
| 14:14 | Create | Villager (Male) |
| 14:22 | Create | Scout Cavalry |
| 14:22 | Create | Scout Cavalry |
| 14:22 | Create | Scout Cavalry |
| 14:23 | Create | Scout Cavalry |
| 14:33 | Create | Villager (Male) |
| 14:43 | Build | Blacksmith |
| 14:45 | Create | Spearman |
| 14:53 | Create | Villager (Male) |
| 15:06 | Create | Villager (Male) |
| 15:10 | Create | Spearman |
| 15:14 | Create | Villager (Male) |
| 15:28 | Build | House |
| 15:34 | Build | House |
| 15:51 | Research | Forging |
| 15:53 | Create | Villager (Male) |
| 15:58 | Build | Mill |
| 16:05 | Create | Spearman |
| 16:08 | Build | House |
| 16:12 | Build | Palisade Wall |
| 16:41 | Create | Spearman |
| 17:15 | Create | Villager (Male) |
| 17:16 | Create | Spearman |
| 17:16 | Create | Spearman |
| 18:29 | Create | Spearman |
| 18:29 | Create | Spearman |
| 18:43 | Create | Villager (Male) |
| 19:14 | Create | Spearman |
| 19:58 | Build | Palisade Wall |
| 20:19 | Build | Mining Camp |
| 20:29 | Research | Castle Age |
| 20:50 | Build | House |
| 23:09 | Age | Castle Age |
| 23:09 | Build | Palisade Wall |
| 23:14 | Create | Knight |
| 23:14 | Create | Knight |
| 23:14 | Create | Knight |
| 23:33 | Build | Town Center |
| 23:44 | Build | House |
| 23:46 | Build | Stone Wall |
| 24:02 | Build | Stone Wall |
| 24:27 | Build | Stone Wall |
| 24:37 | Build | Stone Wall |
| 25:20 | Build | Farm |
| 25:21 | Build | Farm |
| 25:22 | Build | Farm |
| 25:23 | Build | Farm |
| 25:24 | Build | Farm |
| 25:31 | Build | Town Center |
| 25:48 | Build | Farm |
| 25:56 | Build | Farm |
| 25:59 | Build | Farm |
| 26:00 | Build | Farm |
| 26:14 | Create | Villager (Male) |
| 26:26 | Build | Castle |
| 26:36 | Create | Villager (Male) |
| 26:57 | Build | Farm |
| 27:01 | Build | Farm |
| 27:03 | Create | Villager (Male) |
| 27:04 | Create | Villager (Male) |
| 27:20 | Create | Villager (Male) |
| 27:28 | Build | Farm |
| 27:41 | Create | Villager (Male) |
| 27:41 | Create | Villager (Male) |
| 27:44 | Create | Villager (Male) |
| 28:03 | Create | Villager (Male) |
| 28:03 | Create | Villager (Male) |
| 28:09 | Create | Villager (Male) |
| 28:30 | Create | Villager (Male) |
| 28:46 | Create | Villager (Male) |
| 28:53 | Create | Villager (Male) |
| 28:53 | Create | Villager (Male) |
| 29:04 | Build | Siege Workshop |
| 29:07 | Create | Villager (Male) |
| 29:16 | Create | Villager (Male) |
| 29:17 | Create | Villager (Male) |
| 29:34 | Create | Mangonel |
| 29:38 | Create | Villager (Male) |
| 29:38 | Create | Villager (Male) |
| 29:39 | Create | Villager (Male) |
| 30:03 | Build | Mining Camp |
| 30:08 | Create | Villager (Male) |
| 30:08 | Create | Villager (Male) |
| 30:08 | Create | Villager (Male) |
| 30:37 | Research | Fletching |
| 30:38 | Create | Villager (Male) |
| 31:11 | Create | Villager (Male) |
| 31:11 | Create | Villager (Male) |
| 31:11 | Create | Villager (Male) |
| 31:16 | Build | Town Center |
Build order — 闲看
First 150 of 430 actions detected
| 0:18 | Build | Town Center |
| 2:17 | Build | House |
| 2:47 | Create | Villager (Male) ×4 |
| 2:47 | Create | Villager (Male) ×4 |
| 3:23 | Build | House |
| 3:41 | Build | Mill |
| 3:46 | Build | House |
| 3:49 | Build | House |
| 3:56 | Build | House |
| 4:09 | Create | Villager (Male) |
| 4:09 | Create | Villager (Male) |
| 4:35 | Create | Villager (Male) |
| 4:35 | Create | Villager (Male) |
| 4:38 | Build | House |
| 4:42 | Build | House |
| 5:26 | Build | Lumber Camp |
| 5:30 | Create | Villager (Male) |
| 5:31 | Create | Villager (Male) |
| 6:06 | Create | Villager (Male) |
| 6:07 | Create | Villager (Male) |
| 6:43 | Create | Villager (Male) |
| 6:43 | Create | Villager (Male) |
| 7:03 | Build | House |
| 7:09 | Create | Villager (Male) |
| 7:09 | Create | Villager (Male) |
| 7:10 | Create | Villager (Male) |
| 7:34 | Build | Palisade Wall |
| 7:39 | Create | Villager (Male) |
| 7:39 | Create | Villager (Male) |
| 8:52 | Create | Villager (Male) |
| 8:52 | Create | Villager (Male) |
| 8:53 | Create | Villager (Male) |
| 8:59 | Build | House |
| 9:02 | Build | House |
| 9:18 | Build | House |
| 9:36 | Create | Villager (Male) |
| 9:36 | Create | Villager (Male) |
| 9:51 | Build | Mill |
| 10:51 | Research | Feudal Age |
| 10:52 | Research | Loom |
| 11:20 | Build | Palisade Wall |
| 11:23 | Build | Palisade Wall |
| 11:42 | Build | Mining Camp |
| 13:06 | Age | Feudal Age |
| 13:10 | Build | Market |
| 13:12 | Create | Villager (Male) |
| 13:25 | Build | Blacksmith |
| 13:36 | Create | Villager (Male) |
| 14:15 | Research | Castle Age |
| 14:16 | Research | Castle Age |
| 14:45 | Build | House |
| 14:54 | Create | Villager (Male) |
| 15:06 | Research | Double-Bit Axe |
| 15:06 | Research | Double-Bit Axe |
| 15:31 | Build | Barracks |
| 15:52 | Build | House |
| 15:58 | Build | Palisade Wall |
| 16:02 | Build | Palisade Wall |
| 16:05 | Build | House |
| 17:01 | Age | Castle Age |
| 17:07 | Build | Stable |
| 17:09 | Create | Villager (Male) |
| 17:13 | Research | Bow Saw |
| 17:13 | Research | Bow Saw |
| 17:37 | Build | House |
| 17:41 | Build | Palisade Wall |
| 17:45 | Create | Knight |
| 17:45 | Create | Knight |
| 18:03 | Build | Farm |
| 18:15 | Build | Farm |
| 18:17 | Build | Farm |
| 18:18 | Build | Farm |
| 18:39 | Build | Farm |
| 18:51 | Build | Farm |
| 19:15 | Build | Farm |
| 19:20 | Build | Farm |
| 19:25 | Create | Villager (Male) |
| 19:42 | Create | Villager (Male) |
| 19:45 | Create | Knight |
| 20:17 | Create | Knight |
| 20:29 | Create | Villager (Male) |
| 20:29 | Create | Villager (Male) |
| 20:39 | Create | Knight |
| 20:48 | Build | Town Center |
| 20:58 | Create | Villager (Male) |
| 21:06 | Research | Scale Barding Armor |
| 21:07 | Create | Villager (Male) |
| 21:07 | Create | Villager (Male) |
| 21:36 | Create | Villager (Male) |
| 21:36 | Create | Villager (Male) |
| 21:48 | Create | Knight |
| 22:01 | Build | Farm |
| 22:02 | Build | Farm |
| 22:03 | Build | Farm |
| 22:05 | Create | Villager (Male) |
| 22:05 | Create | Villager (Male) |
| 22:25 | Create | Villager (Male) |
| 22:38 | Research | Bloodlines |
| 22:39 | Research | Bloodlines |
| 22:50 | Build | Farm |
| 22:51 | Build | Farm |
| 22:53 | Create | Villager (Male) |
| 23:04 | Create | Villager (Male) |
| 23:50 | Create | Knight |
| 24:03 | Create | Villager (Male) |
| 24:03 | Create | Villager (Male) |
| 24:07 | Build | House |
| 24:08 | Build | House |
| 24:09 | Build | House |
| 24:12 | Create | Knight |
| 24:28 | Build | Town Center |
| 24:37 | Create | Knight ×2 |
| 24:38 | Create | Knight |
| 25:01 | Create | Villager (Male) |
| 25:01 | Create | Villager (Male) |
| 25:50 | Build | Siege Workshop |
| 25:55 | Create | Knight |
| 26:20 | Create | Knight |
| 26:20 | Create | Knight |
| 26:45 | Build | Stable |
| 26:45 | Build | Stable |
| 26:46 | Create | Villager (Male) |
| 26:46 | Create | Villager (Male) |
| 27:11 | Create | Knight ×3 |
| 27:12 | Create | Villager (Male) |
| 27:29 | Build | Monastery |
| 27:42 | Create | Villager (Male) |
| 27:42 | Create | Villager (Male) |
| 27:45 | Research | Wheelbarrow |
| 27:46 | Research | Wheelbarrow |
| 28:04 | Build | Farm |
| 28:07 | Research | Horse Collar |
| 28:08 | Create | Villager (Male) |
| 28:08 | Create | Villager (Male) |
| 28:29 | Build | Farm |
| 28:31 | Create | Villager (Male) |
| 28:32 | Create | Villager (Male) |
| 28:49 | Create | Villager (Male) |
| 29:03 | Build | Farm |
| 29:05 | Build | Farm |
| 29:06 | Build | Farm |
| 29:08 | Create | Villager (Male) |
| 29:08 | Create | Villager (Male) |
| 29:30 | Build | Farm |
| 29:32 | Create | Villager (Male) |
| 29:56 | Create | Monk |
| 29:56 | Create | Monk |
| 29:58 | Build | House |
| 29:58 | Build | House |
| 30:01 | Create | Villager (Male) |
Build order — 帝国大烟枪5
First 150 of 282 actions detected
| 0:24 | Build | Town Center |
| 1:53 | Build | House |
| 2:27 | Create | Villager (Male) |
| 2:27 | Create | Villager (Male) |
| 2:49 | Create | Villager (Male) |
| 2:50 | Create | Villager (Male) |
| 4:08 | Build | House |
| 4:15 | Create | Villager (Male) |
| 4:25 | Create | Villager (Male) |
| 4:47 | Create | Villager (Male) |
| 4:47 | Create | Villager (Male) |
| 5:08 | Create | Villager (Male) |
| 5:08 | Create | Villager (Male) |
| 5:20 | Build | Lumber Camp |
| 5:37 | Create | Villager (Male) |
| 5:51 | Create | Villager (Male) |
| 6:02 | Create | Villager (Male) |
| 6:18 | Create | Villager (Male) |
| 6:18 | Create | Villager (Male) |
| 6:22 | Build | House |
| 6:27 | Build | House |
| 6:34 | Build | House |
| 6:52 | Create | Villager (Male) |
| 7:10 | Build | Palisade Wall |
| 7:16 | Create | Villager (Male) |
| 7:17 | Create | Villager (Male) |
| 7:37 | Create | Villager (Male) |
| 7:37 | Create | Villager (Male) |
| 7:58 | Build | House |
| 8:04 | Create | Villager (Male) |
| 8:29 | Build | Palisade Wall |
| 8:39 | Build | Palisade Wall |
| 8:43 | Create | Villager (Male) |
| 8:44 | Create | Villager (Male) |
| 9:21 | Build | Mill |
| 9:26 | Create | Villager (Male) |
| 9:35 | Build | Palisade Wall |
| 9:39 | Create | Villager (Male) |
| 10:06 | Build | Palisade Wall |
| 10:39 | Build | Palisade Wall |
| 10:44 | Build | Mining Camp |
| 10:48 | Research | Loom |
| 11:16 | Research | Feudal Age |
| 11:21 | Build | Palisade Wall |
| 11:28 | Build | Palisade Wall |
| 11:47 | Build | Palisade Wall |
| 12:27 | Build | Barracks |
| 12:32 | Build | Palisade Wall |
| 12:44 | Create | Villager (Male) |
| 12:45 | Create | Villager (Male) |
| 13:30 | Age | Feudal Age |
| 13:35 | Build | Archery Range |
| 13:41 | Build | House |
| 13:58 | Create | Villager (Male) |
| 14:08 | Build | Blacksmith |
| 14:44 | Create | Villager (Male) |
| 14:56 | Build | House |
| 14:58 | Build | Palisade Wall |
| 15:01 | Create | Villager (Male) |
| 15:25 | Create | Archer |
| 15:25 | Create | Archer |
| 15:37 | Create | Villager (Male) |
| 15:40 | Build | House |
| 16:01 | Create | Villager (Male) |
| 16:09 | Build | Farm |
| 16:12 | Build | Farm |
| 16:28 | Build | Farm |
| 16:31 | Build | Farm |
| 16:36 | Research | Castle Age |
| 16:55 | Build | Palisade Gate |
| 17:15 | Build | Lumber Camp |
| 17:38 | Research | Fletching |
| 17:40 | Research | Double-Bit Axe |
| 18:35 | Build | Archery Range |
| 18:43 | Create | Villager (Male) |
| 18:44 | Create | Villager (Male) |
| 18:50 | Research | Wheelbarrow |
| 19:06 | Build | House |
| 19:14 | Build | Farm |
| 19:16 | Age | Castle Age |
| 19:17 | Build | Farm |
| 19:21 | Create | Elephant Archer |
| 19:21 | Create | Elephant Archer |
| 19:21 | Create | Elephant Archer |
| 19:33 | Create | Villager (Male) |
| 19:39 | Build | Town Center |
| 19:47 | Build | Farm |
| 19:50 | Build | Farm |
| 20:16 | Create | Elephant Archer |
| 20:16 | Create | Elephant Archer |
| 20:51 | Create | Villager (Male) |
| 20:51 | Create | Villager (Male) |
| 20:58 | Build | Siege Workshop |
| 21:24 | Build | Farm |
| 21:24 | Build | Farm |
| 21:51 | Research | Bodkin Arrow |
| 21:54 | Create | Villager (Male) |
| 21:54 | Create | Villager (Male) |
| 22:04 | Build | House |
| 22:22 | Create | Elephant Archer |
| 22:22 | Create | Elephant Archer |
| 22:26 | Create | Villager (Male) |
| 22:30 | Build | Farm |
| 22:32 | Build | Farm |
| 22:47 | Build | Monastery |
| 22:51 | Create | Mangonel |
| 22:55 | Create | Villager (Male) |
| 23:02 | Build | House |
| 23:08 | Build | House |
| 23:21 | Create | Mangonel |
| 23:24 | Create | Villager (Male) |
| 23:25 | Create | Villager (Male) |
| 23:26 | Create | Villager (Male) |
| 23:28 | Build | House |
| 23:36 | Create | Villager (Male) |
| 23:36 | Create | Villager (Male) |
| 24:08 | Build | House |
| 24:15 | Create | Monk |
| 24:30 | Build | House |
| 24:36 | Build | House |
| 24:48 | Create | Elephant Archer |
| 24:48 | Create | Elephant Archer |
| 24:50 | Research | Padded Archer Armor |
| 24:51 | Create | Villager (Male) |
| 25:12 | Build | House |
| 25:38 | Build | House |
| 25:40 | Build | House |
| 25:45 | Create | Mangonel |
| 25:47 | Create | Armored Elephant |
| 25:49 | Create | Villager (Male) |
| 25:49 | Create | Villager (Male) |
| 25:53 | Build | Mining Camp |
| 25:58 | Build | Stone Wall |
| 26:02 | Build | Stone Wall |
| 26:20 | Create | Armored Elephant |
| 26:33 | Create | Villager (Male) |
| 26:36 | Build | House |
| 26:39 | Build | Mill |
| 26:41 | Build | Farm |
| 26:41 | Build | Farm |
| 26:41 | Build | Farm |
| 26:42 | Build | Farm |
| 26:48 | Build | Mining Camp |
| 26:57 | Create | Elephant Archer |
| 27:00 | Build | Farm |
| 27:01 | Build | Farm |
| 27:04 | Build | House |
| 27:06 | Build | Stone Wall |
| 27:10 | Build | House |
| 27:21 | Create | Elephant Archer |
Match timeline
| 5:03 | 明月清风 · wall_segment Palisade Wall x1 |
| 7:10 | 帝国大烟枪5 · wall_segment Palisade Wall x4 |
| 7:34 | 闲看 · wall_segment Palisade Wall x4 |
| 7:40 | 捣~ ~ ~蛋 · wall_segment Palisade Wall x1 |
| 7:41 | 捣~ ~ ~蛋 · wall_segment Palisade Wall x1 |
| 8:14 | 捣~ ~ ~蛋 · wall_segment Palisade Wall x5 |
| 8:15 | 捣~ ~ ~蛋 · wall_segment Palisade Wall x5 |
| 8:29 | 帝国大烟枪5 · wall_segment Palisade Wall x8 |
| 8:39 | 帝国大烟枪5 · wall_segment Palisade Wall x15 |
| 9:26 | 明月清风 · wall_segment Palisade Wall x6 |
| 9:35 | 帝国大烟枪5 · wall_segment Palisade Wall x12 |
| 9:35 | 喜足天 · first_building Barracks |
| 9:39 | 喜足天 · wall_segment Palisade Wall x1 |
| 10:06 | 帝国大烟枪5 · wall_segment Palisade Wall x4 |
| 10:30 | 明月清风 · first_building Barracks |
| 10:35 | 明月清风 · wall_segment Palisade Wall x1 |
| 10:36 | 小生怕怕 · wall_segment Palisade Wall x5 |
| 10:37 | 明月清风 · wall_segment Palisade Wall x1 |
| 10:39 | 帝国大烟枪5 · wall_segment Palisade Wall x2 |
| 10:49 | 菜就多练 · first_building Barracks |
| 10:53 | 左 · wall_segment Palisade Wall x1 |
| 10:57 | 左 · wall_segment Palisade Wall x4 |
| 11:10 | 喜足天 · age_up feudal |
| 11:12 | 喜足天 · first_building Stable |
| 11:12 | 菜就多练 · wall_segment Palisade Wall x12 |
| 11:20 | 闲看 · wall_segment Palisade Wall x6 |
| 11:21 | 帝国大烟枪5 · wall_segment Palisade Wall x14 |
| 11:23 | 闲看 · wall_segment Palisade Wall x7 |
| 11:28 | 帝国大烟枪5 · wall_segment Palisade Wall x8 |
| 11:29 | 小生怕怕 · wall_segment Palisade Wall x1 |
| 11:30 | 小生怕怕 · wall_segment Palisade Wall x1 |
| 11:31 | 小生怕怕 · wall_segment Palisade Wall x1 |
| 11:33 | 小生怕怕 · wall_segment Palisade Wall x1 |
| 11:35 | 小生怕怕 · wall_segment Palisade Wall x1 |
| 11:36 | 小生怕怕 · wall_segment Palisade Wall x1 |
| 11:37 | 小生怕怕 · wall_segment Palisade Wall x1 |
| 11:38 | 菜就多练 · wall_segment Palisade Wall x1 |
| 11:42 | 左 · first_building Barracks |
| 11:47 | 明月清风 · age_up feudal |
| 11:47 | 帝国大烟枪5 · wall_segment Palisade Wall x10 |
| 11:53 | 明月清风 · first_building Stable |
| 12:01 | 菜就多练 · age_up feudal |
| 12:05 | 左 · wall_segment Palisade Wall x3 |
| 12:10 | 菜就多练 · first_building Stable |
| 12:11 | 左 · wall_segment Palisade Wall x3 |
| 12:27 | 帝国大烟枪5 · first_building Barracks |
| 12:28 | 小生怕怕 · age_up feudal |
| 12:32 | 帝国大烟枪5 · wall_segment Palisade Wall x11 |
| 13:02 | 捣~ ~ ~蛋 · age_up feudal |
| 13:06 | 闲看 · age_up feudal |
| 13:12 | 左 · age_up feudal |
| 13:14 | 捣~ ~ ~蛋 · first_building Barracks |
| 13:16 | 明月清风 · wall_segment Palisade Wall x5 |
| 13:25 | 明月清风 · wall_segment Palisade Wall x10 |
| 13:27 | 明月清风 · wall_segment Palisade Wall x6 |
| 13:30 | 帝国大烟枪5 · age_up feudal |
| 13:35 | 帝国大烟枪5 · first_building Archery Range |
| 13:45 | 左 · first_building Stable |
| 13:59 | 捣~ ~ ~蛋 · wall_segment Palisade Wall x1 |
| 14:06 | 闲看 · first_market_sell 100 food |
| 14:58 | 帝国大烟枪5 · wall_segment Palisade Wall x1 |
| 15:31 | 闲看 · first_building Barracks |
| 15:58 | 闲看 · wall_segment Palisade Wall x2 |
| 16:02 | 闲看 · wall_segment Palisade Wall x1 |
| 16:12 | 左 · wall_segment Palisade Wall x21 |
| 17:01 | 闲看 · age_up castle |
| 17:07 | 闲看 · first_building Stable |
| 17:29 | 捣~ ~ ~蛋 · wall_segment Palisade Wall x1 |
| 17:41 | 捣~ ~ ~蛋 · wall_segment Palisade Wall x1 |
| 17:41 | 闲看 · wall_segment Palisade Wall x1 |
| 17:44 | 捣~ ~ ~蛋 · wall_segment Palisade Wall x1 |
| 17:45 | 捣~ ~ ~蛋 · wall_segment Palisade Wall x1 |
| 17:46 | 捣~ ~ ~蛋 · wall_segment Palisade Wall x1 |
| 18:21 | 菜就多练 · first_market_buy 500 food |
| 18:23 | 菜就多练 · first_market_sell 500 wood |
| 18:47 | 小生怕怕 · wall_segment Palisade Wall x1 |
| 19:16 | 帝国大烟枪5 · age_up castle |
| 19:22 | 小生怕怕 · wall_segment Palisade Wall x1 |
| 19:39 | 菜就多练 · wall_segment Palisade Wall x1 |
| 19:40 | 菜就多练 · wall_segment Palisade Wall x1 |
| 19:42 | 菜就多练 · wall_segment Palisade Wall x1 |
| 19:43 | 菜就多练 · wall_segment Palisade Wall x1 |
| 19:58 | 左 · wall_segment Palisade Wall x6 |
| 20:11 | 菜就多练 · wall_segment Palisade Wall x1 |
| 20:58 | 帝国大烟枪5 · first_building Siege Workshop |
| 21:32 | 菜就多练 · age_up castle |
| 21:46 | 菜就多练 · wall_segment Palisade Wall x1 |
| 21:47 | 菜就多练 · wall_segment Palisade Wall x1 |
| 22:44 | 菜就多练 · first_building Archery Range |
| 22:47 | 帝国大烟枪5 · first_building Monastery |
| 22:59 | 明月清风 · wall_segment Palisade Wall x2 |
| 23:08 | 明月清风 · wall_segment Palisade Wall x1 |
| 23:09 | 左 · age_up castle |
| 23:09 | 小生怕怕 · wall_segment Palisade Wall x1 |
| 23:09 | 左 · wall_segment Palisade Wall x2 |
| 23:10 | 喜足天 · age_up castle |
| 23:10 | 小生怕怕 · wall_segment Palisade Wall x1 |
| 23:11 | 明月清风 · wall_segment Palisade Wall x1 |
| 23:12 | 小生怕怕 · wall_segment Palisade Wall x1 |
| 23:13 | 小生怕怕 · wall_segment Palisade Wall x1 |
| 23:15 | 小生怕怕 · wall_segment Palisade Wall x1 |
| 23:16 | 明月清风 · wall_segment Palisade Wall x1 |
| 23:17 | 小生怕怕 · wall_segment Palisade Wall x1 |
| 23:18 | 明月清风 · wall_segment Palisade Wall x1 |
| 23:22 | 明月清风 · wall_segment Palisade Wall x1 |
| 23:46 | 左 · wall_segment Stone Wall x1 |
| 23:48 | 明月清风 · first_building Archery Range |
| 23:52 | 捣~ ~ ~蛋 · wall_segment Palisade Wall x1 |
| 23:55 | 捣~ ~ ~蛋 · wall_segment Palisade Wall x1 |
| 23:58 | 捣~ ~ ~蛋 · wall_segment Palisade Wall x1 |
| 24:02 | 捣~ ~ ~蛋 · wall_segment Palisade Wall x1 |
| 24:02 | 左 · wall_segment Stone Wall x1 |
| 24:04 | 小生怕怕 · wall_segment Palisade Wall x1 |
| 24:27 | 左 · wall_segment Stone Wall x1 |
| 24:31 | 菜就多练 · first_building Siege Workshop |
| 24:37 | 左 · wall_segment Stone Wall x2 |
| 24:55 | 捣~ ~ ~蛋 · first_building Stable |
| 25:20 | 明月清风 · wall_segment Palisade Wall x1 |
| 25:50 | 闲看 · first_building Siege Workshop |
| 25:58 | 帝国大烟枪5 · wall_segment Stone Wall x1 |
| 26:02 | 帝国大烟枪5 · wall_segment Stone Wall x1 |
| 26:13 | 明月清风 · age_up castle |
| 26:26 | 左 · first_building Castle |
| 27:06 | 帝国大烟枪5 · wall_segment Stone Wall x1 |
| 27:29 | 闲看 · first_building Monastery |
| 28:05 | 捣~ ~ ~蛋 · age_up castle |
| 29:04 | 左 · first_building Siege Workshop |
| 29:19 | 喜足天 · first_building Monastery |
| 32:07 | 菜就多练 · first_building Monastery |
| 32:33 | 小生怕怕 · age_up castle |
| 32:39 | 喜足天 · first_building Castle |
| 33:45 | 菜就多练 · first_building Castle |
| 35:25 | 帝国大烟枪5 · wall_segment Stone Wall x8 |
| 36:07 | 喜足天 · first_market_buy 100 stone |
| 36:11 | 帝国大烟枪5 · wall_segment Stone Wall x1 |
| 36:25 | 小生怕怕 · first_market_buy 100 stone |
| 36:32 | 小生怕怕 · first_building Castle |
| 37:15 | 喜足天 · first_market_sell 100 food |
| 37:48 | 捣~ ~ ~蛋 · first_building Castle |
| 38:05 | 帝国大烟枪5 · first_building Castle |
| 38:37 | 喜足天 · age_up imperial |
| 39:49 | 左 · first_building Archery Range |
| 39:51 | 菜就多练 · wall_segment Stone Wall x1 |
| 41:03 | 闲看 · first_building Archery Range |
| 41:17 | 明月清风 · first_building Monastery |
| 42:27 | 闲看 · first_building Castle |
| 42:29 | 捣~ ~ ~蛋 · first_building Archery Range |
| 42:51 | 小生怕怕 · first_building Barracks |
| 43:47 | 左 · age_up imperial |
| 43:52 | 闲看 · age_up imperial |
| 45:03 | 明月清风 · first_building Castle |
| 45:07 | 帝国大烟枪5 · wall_segment Stone Wall x1 |
| 45:16 | 帝国大烟枪5 · wall_segment Stone Wall x1 |
| 45:18 | 帝国大烟枪5 · wall_segment Stone Wall x1 |
| 45:22 | 帝国大烟枪5 · wall_segment Stone Wall x1 |
| 45:28 | 明月清风 · age_up imperial |
| 45:47 | 捣~ ~ ~蛋 · age_up imperial |
| 45:57 | 菜就多练 · age_up imperial |
| 46:42 | 小生怕怕 · age_up imperial |
| 48:34 | 帝国大烟枪5 · resign |
| 49:48 | 明月清风 · first_market_sell 100 wood |
| 51:20 | 明月清风 · first_building Krepost |
| 55:23 | 捣~ ~ ~蛋 · first_building Siege Workshop |
[ AI ANALYSIS · 1 CREDIT ]
What really happened in this match?
Wolo.gg analyzes every decision: build order, eco, micro, common mistakes by bracket. Personalized analysis on WhatsApp or Discord in 30 seconds.
Civ guide
Persians
Perfil
Jugador #2949938